 Dungeon Crawl Stone Soup version 0.31.0-9-g3a7656b989 (webtiles) character file.

Game seed: 8318339826138062092

36 qw the Shooter (level 3, 0/20 HPs)
             Began as a Deep Elf Hunter on Feb 2, 2024.
             Slain by a cerulean imp
             ... wielding a +2 spear
             ... summoned by Natasha
              (1 damage)
             ... on level 2 of the Dungeon.
             The game lasted 00:00:04 (1413 turns).

qw the Shooter (Deep Elf Hunter)                    Turns: 1413, Time: 00:00:04

Health: 0/20       AC:  3    Str: 10    XL:     3   Next: 19%
Magic:  5/5        EV: 12    Int: 13    God:
Gold:   28         SH:  0    Dex: 18    Spells: 2/2 levels left

rFire   . . .        a - +1 shortbow
rCold   . . .        (shield currently unavailable)
rNeg    . . .        c - +0 leather armour
rPois   .            (no helmet)
rElec   .            (no cloak)
rCorr   .            (no gloves)
SInv    +            (no boots)
Will    .....        (no amulet)
Stlth   ++           h - ring of see invisible
HPRegen 0.23/turn    (no ring)
MPRegen 0.09/turn

%: no passive effects
@: about to teleport
A: no striking features
a: no special abilities


You were on level 2 of the Dungeon.
You visited 1 branch of the dungeon, and saw 2 of its levels.

You collected 28 gold pieces.


   Skills:
 - Level 1.5 Fighting
 + Level 6.8 Ranged Weapons
 - Level 2.4 Dodging
 - Level 1.2 Stealth


You had 2 spell levels left.
You didn't know any spells.
Your spell library was empty.

Inventory:

Hand Weapons
 a - a +1 shortbow (weapon)
Armour
 b - a +0 pair of gloves
 c - a +0 leather armour (worn)
Jewellery
 h - a ring of see invisible (left hand)
Scrolls
 f - a scroll of identify
Potions
 e - 2 potions of heal wounds {unknown}
 j - 3 potions of curing
 k - a potion of resistance

Dungeon Overview and Level Annotations

Branches:
Dungeon (2/15)

Altars:

Shops:
D:1 *

Annotations:
D:2 Natasha


Message History

Natasha is lightly wounded.
You shoot an arrow.
The arrow hits Natasha but does no damage.
Natasha is lightly wounded.
Natasha casts a spell.
You shoot an arrow. The arrow hits Natasha.
Natasha is lightly wounded.
You shoot an arrow. The arrow hits Natasha.
Natasha is moderately wounded.
You shoot an arrow. The arrow hits Natasha.
Natasha is heavily wounded.
The cerulean imp hits you from afar with a +0 spear.
You shoot an arrow. The arrow closely misses Natasha.
The cerulean imp hits you from afar with a +0 spear.
Natasha closely misses you.
You shoot an arrow. The arrow barely misses Natasha.
The arrow barely misses the cerulean imp.
The cerulean imp hits you but does no damage.
Natasha casts a spell.
Enter note:
Enter note:
Enter note:
Enter note:
1411 ||| RETREEEEATING.
Natasha casts a spell.
The cerulean imp hits you from afar with a +0 spear.
The cerulean imp barely misses you.
There is an open door here.
Enter note:
Enter note:
1412 ||| RETREEEEATING.
Natasha stares at you and mumbles some strange words.
The magic dart hits you!
The cerulean imp attacks as it pursues you!
The cerulean imp hits you from afar with a +2 spear.
1413 ||| READING scroll of teleportation.
As you read the scroll of teleportation, it crumbles to dust.
You feel strangely unstable.
The cerulean imp hits you from afar with a +2 spear.
You die...

###...##..'.....+......
+.'...'..##....%#'#####
###...##.##........#
#...##.##........#
##...##.##....#.#.#
#...###.#######.###
#...# #.##### #.######
#..5###...... #.#.....
+..5h@.....# #.####.#
#...###....# ... #..
#...# .### ### #..
#...# # #.# #...# ##.#
#.... #.#... #....
#.#..# #.... # #.#..#
#.####.#..#


You could see Natasha and 2 cerulean imps.

Vanquished Creatures
  2 adders (D:2)
  A dart slug (D:2)
  2 endoplasms
  2 giant cockroaches (D:1)
  2 kobolds
  2 quokkas
  2 ball pythons
  A frilled lizard (D:2)
  2 rats (D:1)
16 creatures vanquished.

Notes
Turn   | Place    | Note
-------+----------+-------------------------------------------
     0 | D:1      | qw the Deep Elf Hunter began the quest for the Orb.
     0 | D:1      | Reached XP level 1. HP: 12/12 MP: 3/3
     0 | D:1      | 0 ||| qw: Version: 0.3-a-155-g5e7d8dd
     0 | D:1      | 0 ||| qw: Game counter: 1637
     0 | D:1      | 0 ||| qw: Melee chars always use a shield: true
     0 | D:1      | 0 ||| qw: God list: Okawaru
     0 | D:1      | 0 ||| qw: Allow faded altars: false
     0 | D:1      | 0 ||| qw: Do Orc after clearing Dungeon:15 true
     0 | D:1      | 0 ||| qw: Do second Lair branch before Depths: true
     0 | D:1      | 0 ||| qw: Lair rune preference: random
     0 | D:1      | 0 ||| qw: Goals: Normal
     0 | D:1      | 0 ||| PLANNING D:1-11
    18 | D:1      | Found Uptehit's General Store.
    28 | D:1      | 28 ||| SHOPLISTING potion of curing (33 gold, have 0).
    28 | D:1      | 28 ||| SHOPLISTING potion of mutation (88 gold, have 0).
    28 | D:1      | 28 ||| SHOPLISTING scroll of enchant weapon (82 gold, have
                  | 0).
   562 | D:1      | Reached XP level 2. HP: 16/16 MP: 4/4
   760 | D:1      | Reached skill level 6 in Ranged Weapons
  1053 | D:1      | 1053 ||| UPGRADING to ring of see invisible.
  1054 | D:1      | 1054 ||| READING 2 scrolls labelled ATEIBOGIYCW.
  1057 | D:1      | 1057 ||| READING 4 scrolls labelled XOUNTI DOD BYG.
  1057 | D:1      | 1057 ||| IDENTIFYING lumpy ruby potion
  1058 | D:1      | 1058 ||| READING 3 scrolls of identify.
  1058 | D:1      | 1058 ||| IDENTIFYING cyan potion
  1059 | D:1      | 1059 ||| READING 2 scrolls of identify.
  1059 | D:1      | 1059 ||| IDENTIFYING grey potion
  1060 | D:1      | 1060 ||| READING scroll of identify.
  1060 | D:1      | 1060 ||| IDENTIFYING scroll labelled PIEH SUSATHYPN
  1061 | D:1      | 1061 ||| READING scroll of enchant weapon.
  1061 | D:1      | 1061 ||| ENCHANTING +0 shortbow.
  1062 | D:1      | 1062 ||| READING scroll labelled WEUSHR WYBOIBRUTRIU.
  1063 | D:1      | 1063 ||| READING scroll labelled QOSIYRGH CEEPOSCHA.
  1064 | D:1      | 1064 ||| DROPPING scroll of butterflies.
  1065 | D:1      | 1065 ||| DROPPING potion of brilliance.
  1232 | D:2      | Reached XP level 3. HP: 14/20 MP: 5/5
  1403 | D:2      | Noticed Natasha
  1411 | D:2      | 1411 ||| RETREEEEATING.
  1412 | D:2      | 1412 ||| RETREEEEATING.
  1412 | D:2      | HP: 5/20 [Natasha/magic dart (8)]
  1412 | D:2      | HP: 1/20 [cerulean imp/+2 spear[Natasha] (4)]
  1413 | D:2      | 1413 ||| READING scroll of teleportation.
  1413 | D:2      | Slain by a cerulean imp

Levels and vault maps discovered:
D:1:      dpeg_arrival_stonehenge_8_columns, layout_basic, serial_shops,
          nicolae_square_shop, dk_noncrumbling_3
D:2:      layout_basic, grunt_ministairs_5, grunt_decor_fettered,
          minmay_misc_feat_rows, uniq_natasha

Skill      XL: |  1  2 |
---------------+-------+-----
Ranged Weapons | 6 |  6.8
Fighting       | |  1.5
Dodging        | |  2.4
Stealth        | |  1.2

Action                     || total
---------------------------++-------
   Fire: Shortbow          ||    57
    Use: Scroll            ||     9
 Armour: Leather armour    ||    18
  Dodge: Dodged            ||    12

Table legend:
 A = Non-vault XP
 B = Vault XP
 C = Vault XP percentage of total XP
 D = Non-vault monster count
 E = Vault monster count
 F = Vault count percentage of total count
                 A         B        C        D         E       F
            +---------+---------+-------+---------+---------+-------
      Total |      36 |      16 |  30.8 |      14 |       2 |  12.5
            +---------+---------+-------+---------+---------+-------
        D:1 |      13 |       0 |   0.0 |       8 |       0 |   0.0
        D:2 |      23 |      16 |  41.0 |       6 |       2 |  25.0
            +---------+---------+-------+---------+---------+-------
